 Dungeon Crawl Stone Soup version 0.22.0-27-ga576289 (webtiles) character file.

100 iamserjio the Digger (level 4, 0/32 HPs)
             Began as a Gnoll Earth Elementalist on Aug 22, 2018.
             Slain by Pikel
             ... wielding a +2 whip of flaming
              (4 damage)
             ... on level 4 of the Dungeon.
             The game lasted 00:05:34 (557 turns).

iamserjio the Digger (Gnoll Earth Elementalist)      Turns: 557, Time: 00:05:35

Health: 0/32       AC:  2    Str: 10    XL:     4   Next: 74%
Magic:  11/11      EV: 15    Int: 19    God:
Gold:   45         SH:  0    Dex: 15    Spells: 9/13 levels left

rFire    . . .     SeeInvis .   l - +0 quarterstaff
rCold    . . .     Gourm    .   (shield currently unavailable)
rNeg     . . .     Faith    .   c - +0 robe
rPois    .         Spirit   .   (no helmet)
rElec    .         Reflect  .   (no cloak)
rCorr    .         Harm     .   (no gloves)
MR       .....     Rnd*Tele +   (no boots)
Stlth    +.........             (no amulet)
HPRegen  0.10/turn              e - ring of teleportation (curse)
MPRegen  0.12/turn              (no ring)

@: confused
A: distributed training, fangs 1, strong nose
a: no special abilities


You were on level 4 of the Dungeon.
You were not hungry.

You visited 1 branch of the dungeon, and saw 4 of its levels.

You collected 45 gold pieces.

Inventory:

Hand Weapons
 i - a +0 short sword of freezing
 l - a +0 quarterstaff (weapon)
Missiles
 b - 65 stones (quivered)
 k - 19 bolts
Armour
 c - a +0 robe (worn)
 j - a +0 leather armour
Jewellery
 e - a cursed ring of teleportation (left hand)
Scrolls
 a - a scroll of remove curse {unknown}
 g - a scroll of teleportation {unknown}
 m - a scroll of noise {unknown}
 n - a scroll of identify {unknown}
 p - a scroll of blinking {unknown}
 q - 2 scrolls of magic mapping {unknown}
Potions
 h - a potion of brilliance {unknown}
 o - a potion of magic {unknown}
Comestibles
 d - 8 rations


   Skills:
 + Level 1.2 Fighting
 + Level 1.2 Short Blades
 + Level 1.2 Long Blades
 + Level 1.2 Axes
 + Level 1.2 Maces & Flails
 + Level 1.2 Polearms
 + Level 1.2 Staves
 + Level 1.2 Slings
 + Level 1.2 Bows
 + Level 1.2 Crossbows
 + Level 1.2 Throwing
 + Level 1.2 Armour
 + Level 4.6 Dodging
 + Level 4.3 Stealth
 + Level 1.2 Shields
 + Level 1.2 Unarmed Combat
 + Level 5.1 Spellcasting
 + Level 1.0 Conjurations
 + Level 1.0 Hexes
 + Level 1.0 Charms
 + Level 1.0 Summonings
 + Level 1.0 Necromancy
 + Level 1.0 Translocations
 + Level 2.2 Transmutations
 + Level 1.0 Fire Magic
 + Level 1.0 Ice Magic
 + Level 1.0 Air Magic
 + Level 5.5 Earth Magic
 + Level 1.0 Poison Magic
 + Level 1.3 Invocations
 + Level 1.2 Evocations


You had 9 spell levels left.
You knew the following spells:

 Your Spells              Type           Power        Failure   Level  Hunger
a - Sandblast             Erth           ####..       1%          1    None
b - Stone Arrow           Conj/Erth      ###...       10%         3    ##.....

Your spell library contained the following spells:

 Spells                   Type           Power        Failure   Level  Hunger
 Passwall                 Tmut/Erth      ###.....     3%          2    #......
 Petrify                  Tmut/Erth      ###.....     24%         4    ####...
 Lee's Rapid Deconstruct  Erth           ####......   34%         5    ######.


Dungeon Overview and Level Annotations

Branches:
Dungeon (4/15)
 Temple: D:4-7

Altars:

Annotations:
D:4 Pikel


Innate Abilities, Weirdness & Mutations

Your experience applies equally to all skills.
You have very sharp teeth.
Your uncanny sense of smell can sniff out nearby items.


Message History

Pikel hits you with a whip of flaming.
* * * LOW HITPOINT WARNING * * *
Pikel burns you.
* * * LOW HITPOINT WARNING * * *
It was a potion of ambrosia.
You are confused.
You feel invigorated. Pikel hits you but does no damage.
You bump into the rock wall.
Pikel hits you with a whip of flaming!
* * * LOW HITPOINT WARNING * * *
Pikel burns you.
* * * LOW HITPOINT WARNING * * *
The slave shouts!
You hit Pikel.
Pikel is lightly wounded.
Pikel hits you with a whip of flaming.
* * * LOW HITPOINT WARNING * * *
Pikel burns you.
* * * LOW HITPOINT WARNING * * *
Pikel hits you with a whip of flaming.
You die...

.# #.# .#
## #.# ..
.# #p# .##
.#### #p#
.# ##....#
#.# .#
##.....###
#p#
##.<......#
#p#
#.........#
#K#
#.>.......#
#@#
#.#.....###
#.#
#.##....#
#.# #.
...... ∆#.#
#. #...###
#.# .. #.##
#.# ## .#
..# ..#


You could see Pikel and 4 slaves.

Vanquished Creatures
  A hound skeleton (D:4)
  3 adders
  3 dart slugs
  2 leopard geckos
  3 orcs (D:3)
  5 goblins
  6 hobgoblins
  4 jackals (D:2)
  4 kobolds
  A quokka (D:2)
  2 ball pythons
  7 bats
  2 frilled lizards
  4 rats
47 creatures vanquished.

Notes
Turn   | Place    | Note
-------+----------+-------------------------------------------
     0 | D:1      | iamserjio the Gnoll Earth Elementalist began the quest for the Orb.
     0 | D:1      | Reached XP level 1. HP: 13/13 MP: 6/6
    51 | D:1      | Reached XP level 2. HP: 19/19 MP: 5/7
   130 | D:2      | Reached skill level 5 in Spellcasting
   130 | D:2      | Reached XP level 3. HP: 23/25 MP: 0/9
   234 | D:2      | Reached skill level 1 in Invocations
   263 | D:2      | Reached skill level 1 in Fighting
   263 | D:2      | Reached skill level 1 in Short Blades
   263 | D:2      | Reached skill level 1 in Long Blades
   263 | D:2      | Reached skill level 1 in Axes
   263 | D:2      | Reached skill level 1 in Maces & Flails
   263 | D:2      | Reached skill level 1 in Polearms
   263 | D:2      | Reached skill level 1 in Staves
   263 | D:2      | Reached skill level 1 in Slings
   263 | D:2      | Reached skill level 1 in Bows
   263 | D:2      | Reached skill level 1 in Crossbows
   263 | D:2      | Reached skill level 1 in Throwing
   263 | D:2      | Reached skill level 1 in Armour
   263 | D:2      | Reached skill level 1 in Shields
   263 | D:2      | Reached skill level 1 in Unarmed Combat
   263 | D:2      | Reached skill level 1 in Evocations
   289 | D:2      | Learned a level 3 spell: Stone Arrow
   307 | D:2      | Reached XP level 4. HP: 20/32 MP: 3/11
   514 | D:4      | Noticed Pikel
   514 | D:4      | Noticed a slave
   514 | D:4      | Noticed a slave
   514 | D:4      | Noticed a slave
   514 | D:4      | Noticed a slave
   527 | D:4      | Reached skill level 1 in Conjurations
   527 | D:4      | Reached skill level 1 in Hexes
   527 | D:4      | Reached skill level 1 in Charms
   527 | D:4      | Reached skill level 1 in Summonings
   527 | D:4      | Reached skill level 1 in Necromancy
   527 | D:4      | Reached skill level 1 in Translocations
   527 | D:4      | Reached skill level 1 in Fire Magic
   527 | D:4      | Reached skill level 1 in Ice Magic
   527 | D:4      | Reached skill level 1 in Air Magic
   527 | D:4      | Reached skill level 1 in Poison Magic
   557 | D:4      | Slain by Pikel

Skill      XL: |  1  2  3  4 |
---------------+-------------+-----
Transmutations | 2 |  2.2
Spellcasting   | 5 |  5.1
Invocations    | 1 |  1.3
Fighting       | 1 |  1.2
Short Blades   | 1 |  1.2
Long Blades    | 1 |  1.2
Axes           | 1 |  1.2
Maces & Flails | 1 |  1.2
Polearms       | 1 |  1.2
Staves         | 1 |  1.2
Slings         | 1 |  1.2
Bows           | 1 |  1.2
Crossbows      | 1 |  1.2
Throwing       | 1 |  1.2
Armour         | 1 |  1.2
Shields        | 1 |  1.2
Unarmed Combat | 1 |  1.2
Evocations     | 1 |  1.2
Conjurations   | 1 |  1.0
Hexes          | 1 |  1.0
Charms         | 1 |  1.0
Summonings     | 1 |  1.0
Necromancy     | 1 |  1.0
Translocations | 1 |  1.0
Fire Magic     | 1 |  1.0
Ice Magic      | 1 |  1.0
Air Magic      | 1 |  1.0
Poison Magic   | 1 |  1.0
Dodging        | |  4.6
Stealth        | |  4.3
Earth Magic    | |  5.5

Action                   |  1- 3 |  4- 6 || total
-------------------------+-------+-------++-------
Melee: Unarmed           |     1 |       ||     1
       Short sword       |    18 |    15 ||    33
       Bite              |     2 |     2 ||     4
       Quarterstaff      |       |     5 ||     5
 Cast: Sandblast         |    33 |    20 ||    53
  Use: Potion            |       |     1 ||     1
 Stab: Sleeping          |     1 |     1 ||     2
Armor: Robe              |     4 |     5 ||     9
Dodge: Dodged            |    29 |    18 ||    47
